 Dungeon Crawl Stone Soup version bcrawl-1.19.2-6-g6a88ae04c9 (webtiles) character file.

Game seed: 9510292073482429976

480 Freyura the Shield-Bearer (level 7, -8/59 HPs)
             Began as a Gnoll Fighter on Jan 4, 2020.
             Mangled by Duvessa
             ... wielding a +0 short sword
              (12 damage)
             ... on level 4 of the Dungeon.
             The game lasted 00:09:18 (3335 turns).

Freyura the Shield-Bearer (Gnoll Fighter)           Turns: 3335, Time: 00:09:18

Health: -8/59      AC:  7    Str: 19    XL:     7   Next: 11%
Magic:  10/10      EV: 11    Int: 10    God:
Gold:   224        SH: 11    Dex: 16    Spells: 10/10 levels left

rFire    . . .     SeeInvis +   a - +0 flail
rCold    . . .     Gourm    .   c - +0 shield
rNeg     . . .     Faith    .   d - +0 troll leather armour {Purgy}
rPois    .         Spirit   .   (no helmet)
rElec    .         Reflect  .   (no cloak)
rCorr    .         Harm     .   k - +1 pair of gloves
MR       .....                  (no boots)
Stlth    +.........             (no amulet)
HPRegen  0.59/turn              g - ring of see invisible
MPRegen  0.12/turn              (no ring)

@: glowing
A: distributed training, fangs 1, strong nose
a: no special abilities


You were on level 4 of the Dungeon.
You were not hungry.

You visited 1 branch of the dungeon, and saw 4 of its levels.
You also visited: Sewer.

You collected 224 gold pieces.

Inventory:

Hand Weapons
 a - a +0 flail (weapon)
Armour
 b - a +0 scale mail
 c - a +0 shield (worn)
 d - a +0 troll leather armour (worn) {Purgy}
 k - a +1 pair of gloves (worn)
Magical Staves
 n - an uncursed staff of poison {unknown}
Jewellery
 g - a ring of see invisible (left hand)
 m - an uncursed amulet of rage
 p - an uncursed amulet of the gourmand {unknown}
Wands
 e - a wand of polymorph (14)
Scrolls
 h - 2 scrolls of remove curse
 o - a scroll of enchant weapon {unknown}
 q - 2 scrolls of teleportation
 r - a scroll of identify
 t - a scroll of blinking {unknown}
 v - 4 scrolls of fear {unknown}
 w - a scroll of magic mapping {unknown}
Potions
 i - 2 potions of haste {unknown}
 j - 2 potions of agility {unknown}
 l - a potion of magic {unknown}
 s - 4 potions of curing
Comestibles
 f - 6 rations {!d}


   Skills:
 + Level 6.9 Fighting
 + Level 2.2 Short Blades
 + Level 2.2 Long Blades
 + Level 2.2 Axes
 + Level 5.1 Maces & Flails
 + Level 2.2 Polearms
 + Level 2.2 Staves
 + Level 2.2 Slings
 + Level 2.2 Bows
 + Level 2.2 Crossbows
 + Level 2.2 Throwing
 + Level 6.9 Armour
 + Level 2.2 Dodging
 + Level 2.2 Stealth
 + Level 6.9 Shields
 + Level 2.2 Unarmed Combat
 + Level 2.2 Spellcasting
 + Level 1.8 Conjurations
 + Level 1.8 Hexes
 + Level 1.8 Charms
 + Level 1.8 Summonings
 + Level 1.8 Necromancy
 + Level 1.8 Translocations
 + Level 1.8 Transmutations
 + Level 1.8 Fire Magic
 + Level 1.8 Ice Magic
 + Level 1.8 Air Magic
 + Level 1.8 Earth Magic
 + Level 1.8 Poison Magic
 + Level 2.5 Invocations
 + Level 2.2 Evocations


You had 10 spell levels left.
You didn't know any spells.
Your spell library contained the following spells:

 Spells                   Type           Power        Failure   Level  Hunger
 Apportation              Tloc           #.....       43%         1    ##.....
 Infusion                 Chrm           #.......     43%         1    ##.....
 Sandblast                Erth           #.....       43%         1    ##.....
 Slow                     Hex            #.......     43%         1    ##.....
 Summon Butterflies       Summ           #.......     43%         1    ##.....


Dungeon Overview and Level Annotations

Branches:
Dungeon (4/12)
 Temple: D:4-7

Altars:
Dithmenos
Qazlal
Ru
Trog

Annotations:
D:4 Duvessa


Innate Abilities, Weirdness & Mutations

Your experience applies equally to all skills.
You have very sharp teeth.
Your uncanny sense of smell can sniff out nearby items.


Message History

You sock Dowan!
You kill Dowan!
Duvessa screams, "No!
How DARE you!"
Duvessa goes berserk!
Duvessa hits you with a +0 short sword!
* * * LOW HITPOINT WARNING * * *
Duvessa hits you but does no damage. You block Duvessa's attack.
Duvessa hits you with a +0 short sword!
* * * LOW HITPOINT WARNING * * *
Things that are here:
a +0 dagger; a +0 robe; the elf corpse of Dowan You hit Duvessa.
Duvessa is heavily wounded.
Duvessa closely misses you.
You barely miss Duvessa. You bite Duvessa, but do no damage.
Duvessa is heavily wounded.
You block Duvessa's attack. Duvessa closely misses you.
You sock Duvessa!
Duvessa is severely wounded.
Duvessa hits you but does no damage. Duvessa hits you with a +0 short sword!
You die...

## #.# .###..# .....#
....# ...>..# ......
....##. #....## .....#
....... ###..#
#...##....... ##..###
#........... ##.....##
#..........#
#.......######..e.....#
...###..........@.....#
..## #................#
.## ...#.....#......#
## .##....####..... #
##....# #.... ##...##
#..# #..##...## .##
##..##..## # #...##<.#


You could see Duvessa (berserk).

Vanquished Creatures
  Purgy (Sewer)
  Dowan (D:4)
  A centaur zombie (D:4)
  A hound (D:4)
  An orc priest (D:3)
  Ijyb (D:3)
  2 orc wizards (D:3)
  2 worker ants
  3 adders
  4 worms
  A dart slug (D:2)
  8 leopard geckos
  13 orcs
  2 ball pythons (Sewer)
  6 giant cockroaches
  6 goblins
  2 hobgoblins
  4 jackals (D:3)
  5 kobolds
  2 quokkas
  6 bats
  7 frilled lizards
  A quokka skeleton (D:2)
  7 rats
87 creatures vanquished.

Notes
Turn   | Place    | Note
-------+----------+-------------------------------------------
     0 | D:1      | Freyura the Gnoll Fighter began the quest for the Orb.
     0 | D:1      | Reached XP level 1. HP: 23/23 MP: 1/1
    46 | D:1      | Reached XP level 2. HP: 29/29 MP: 2/2
   894 | D:2      | Reached XP level 3. HP: 35/35 MP: 3/3
  1160 | D:2      | Reached skill level 1 in Invocations
  1583 | D:3      | Found a stormy altar of Qazlal.
  1593 | D:2      | Reached skill level 1 in Short Blades
  1593 | D:2      | Reached skill level 1 in Long Blades
  1593 | D:2      | Reached skill level 1 in Axes
  1593 | D:2      | Reached skill level 1 in Polearms
  1593 | D:2      | Reached skill level 1 in Staves
  1593 | D:2      | Reached skill level 1 in Slings
  1593 | D:2      | Reached skill level 1 in Bows
  1593 | D:2      | Reached skill level 1 in Crossbows
  1593 | D:2      | Reached skill level 1 in Throwing
  1593 | D:2      | Reached skill level 1 in Dodging
  1593 | D:2      | Reached skill level 1 in Stealth
  1593 | D:2      | Reached skill level 1 in Unarmed Combat
  1593 | D:2      | Reached skill level 1 in Spellcasting
  1593 | D:2      | Reached skill level 1 in Evocations
  1607 | D:3      | Reached XP level 4. HP: 32/41 MP: 5/5
  1831 | D:3      | Reached skill level 1 in Conjurations
  1831 | D:3      | Reached skill level 1 in Hexes
  1831 | D:3      | Reached skill level 1 in Charms
  1831 | D:3      | Reached skill level 1 in Summonings
  1831 | D:3      | Reached skill level 1 in Necromancy
  1831 | D:3      | Reached skill level 1 in Translocations
  1831 | D:3      | Reached skill level 1 in Transmutations
  1831 | D:3      | Reached skill level 1 in Fire Magic
  1831 | D:3      | Reached skill level 1 in Ice Magic
  1831 | D:3      | Reached skill level 1 in Air Magic
  1831 | D:3      | Reached skill level 1 in Earth Magic
  1831 | D:3      | Reached skill level 1 in Poison Magic
  1929 | D:3      | Noticed Ijyb
  1947 | D:3      | Killed Ijyb
  1947 | D:3      | Reached XP level 5. HP: 11/47 MP: 5/7
  2530 | D:3      | Found a bloodstained altar of Trog.
  2563 | D:3      | Reached XP level 6. HP: 50/53 MP: 8/8
  2668 | D:4      | Found a sacrificial altar of Ru.
  2938 | D:4      | Found a shadowy altar of Dithmenos.
  3030 | D:4      | Reached skill level 5 in Maces & Flails
  3077 | D:4      | Found a glowing drain.
  3091 | Sewer    | Entered a sewer
  3117 | Sewer    | Noticed Purgy
  3128 | Sewer    | Killed Purgy
  3213 | Sewer    | Reached XP level 7. HP: 59/59 MP: 10/10
  3313 | D:4      | Noticed Duvessa
  3313 | D:4      | Noticed Dowan
  3331 | D:4      | Killed Dowan
  3332 | D:4      | HP: 2/59 [Duvessa/+0 short sword (7)]
  3335 | D:4      | Mangled by Duvessa

Skill      XL: |  1  2  3  4  5  6 |
---------------+-------------------+-----
Invocations    | 1 2 |  2.5
Short Blades   | 1 2 |  2.2
Long Blades    | 1 2 |  2.2
Axes           | 1 2 |  2.2
Polearms       | 1 2 |  2.2
Staves         | 1 2 |  2.2
Slings         | 1 2 |  2.2
Bows           | 1 2 |  2.2
Crossbows      | 1 2 |  2.2
Throwing       | 1 2 |  2.2
Dodging        | 1 2 |  2.2
Stealth        | 1 2 |  2.2
Unarmed Combat | 1 2 |  2.2
Spellcasting   | 1 2 |  2.2
Evocations     | 1 2 |  2.2
Conjurations   | 1 |  1.8
Hexes          | 1 |  1.8
Charms         | 1 |  1.8
Summonings     | 1 |  1.8
Necromancy     | 1 |  1.8
Translocations | 1 |  1.8
Transmutations | 1 |  1.8
Fire Magic     | 1 |  1.8
Ice Magic      | 1 |  1.8
Air Magic      | 1 |  1.8
Earth Magic    | 1 |  1.8
Poison Magic   | 1 |  1.8
Maces & Flails | 5 |  5.1
Fighting       | |  6.9
Armour         | |  6.9
Shields        | |  6.9

Action                   |  1- 3 |  4- 6 |  7- 9 || total
-------------------------+-------+-------+-------++-------
Melee: Flail             |   117 |   163 |    22 ||   302
       Bite              |     9 |    18 |     5 ||    32
       Unarmed           |       |    14 |       ||    14
  Use: Scroll            |     6 |       |       ||     6
       Potion            |       |     1 |       ||     1
 Stab: Confused          |       |     1 |       ||     1
  Eat: Chunk             |     2 |     6 |       ||     8
Armor: Scale mail        |    52 |    72 |       ||   124
       Skin              |       |     1 |       ||     1
       Troll leather arm |       |     1 |     4 ||     5
Dodge: Dodged            |    45 |    78 |     8 ||   131
Block: Shield            |    77 |    94 |    11 ||   182
